Map: Curious Minds LE

Players

Kazeshini

  • Race: Terran Terran
  • League: Silver

VenusFlytrap - Winner!

  • Race: Zerg Zerg

VOD

Have the link to the VOD?

Description

Time

  • Played on: April 2, 2022, 8:33 p.m.
  • Length: 15:18
Show
View Real Time Build Order
Export as new Build Order

Kazeshini Terran 

Build Orders:  

Get SALT Encoding   

  12  0:01  SCV  
  13  0:13  SCV  
  14  0:20  Supply Depot  
  14  0:34  SCV  
  15  0:46  Barracks  
  15  0:53  Refinery  
  15  0:55  SCV  
  16  1:03  Supply Depot  
  17  1:11  SCV  
  17  1:45  Barracks Reactor  
  17  2:01  Command Center  
  17  2:06  SCV  
  18  2:18  Engineering Bay  
  18  2:19  SCV  
  19  2:24  Marine x2  
  21  2:31  SCV  
  21  2:33  Refinery  
  22  2:42  Marine x2  
  24  2:51  Factory  
  24  3:11  Marine  
  24  3:12  Marine  
  26  3:24  Missile Turret  
  26  3:44  Missile Turret  
  26  4:00  Bunker  
  26  4:02  Factory Tech Lab  
  26  4:05  Missile Turret  
  26  4:14  Missile Turret  
  26  4:25  Orbital Command  
  26  4:29  Missile Turret  
  26  4:30  Siege Tank  
  29  4:34  Planetary Fortress  
  29  4:35  Missile Turret  
  29  4:59  Missile Turret  
  29  5:11  SCV  
  30  5:19  Missile Turret  
  30  5:27  Refinery  
  30  5:33  Hi-Sec Auto Tracking  
  30  5:38  SCV  
  30  5:39  Missile Turret  
  31  5:50  SCV  
  31  5:53  Refinery  
  32  6:03  Siege Tank  
  35  6:14  Bunker  
  35  6:19  Marine x2  
  37  6:30  SCV  
  38  6:34  SCV  
  38  6:35  Siege Tank  
  38  6:36  Marine  
  38  6:37  Marine  
  44  6:42  SCV  
  44  6:46  SCV  
  46  7:39  Supply Depot  
  46  7:57  Starport  
  46  8:01  SCV, Supply Depot  
  47  8:14  Engineering Bay  
  47  8:23  Supply Depot  
  47  8:25  Siege Tank  
  50  8:35  Starport  
  50  8:37  Armory  
  50  8:46  Barracks  
  50  8:49  Terran Infantry Weapons Level 1  
  50  8:50  Terran Infantry Armor Level 1  
  50  8:55  Marine x2  
  51  8:57  Siege Tank  
  51  8:59  Starport Reactor  
  55  9:16  Supply Depot  
  55  9:29  Siege Tank, Factory  
  58  9:33  Barracks  
  58  9:40  Supply Depot  
  58  9:50  Marine  
  58  9:51  Marine, Bunker  
  60  9:53  Starport Reactor  
  60  10:01  Barracks Tech Lab  
  60  10:02  Supply Depot  
  60  10:21  Barracks, Factory Tech Lab  
  60  10:25  Supply Depot  
  60  10:49  Barracks Tech Lab  
  60  10:51  Combat Shield  
  60  10:58  Siege Tank  
  63  11:07  Bunker  
  63  11:14  Viking x4  
  48  11:41  Marine x3  
Show
View Real Time Build Order
Export as new Build Order

VenusFlytrap Zerg - Winner!

Build Orders: Pool First 

Get SALT Encoding   

  12  0:01  Drone  
  13  0:18  Overlord  
  13  0:23  Drone  
  14  0:37  Spawning Pool  
  14  0:39  Drone  
  14  0:43  Drone  
  14  0:47  Drone  
  16  1:07  Drone x2  
  18  1:23  Hatchery  
  17  1:28  Queen, Extractor  
  20  1:40  Drone x3  
  21  2:00  Drone  
  22  2:19  Extractor  
  21  2:32  Lair  
  21  2:40  Drone x6  
  27  2:47  Drone  
  27  2:49  Overlord  
  29  3:12  Drone  
  29  3:14  Zergling x2  
  30  3:53  Hydralisk Den  
  29  4:00  Infestation Pit  
  28  4:04  Drone x2  
  28  4:05  Spire, Drone  
  28  4:09  Drone x3  
  33  4:11  Queen  
  35  4:36  Overlord  
  35  4:37  Overlord  
  35  4:58  Hydralisk x4  
  35  4:59  Hydralisk x2  
  47  5:17  Drone  
  47  5:18  Drone x2  
  50  5:29  Hive  
  49  5:41  Corruptor  
  51  5:59  Extractor  
  50  6:08  Overlord x3  
  50  6:11  Extractor, Queen  
  50  6:17  Grooved Spines  
  51  6:36  Drone x3  
  54  6:42  Drone x3  
  57  6:51  Greater Spire  
  57  7:10  Queen  
  59  7:29  Muscular Augments  
  59  7:46  Corruptor x3  
  59  7:47  Hydralisk x2  
  59  7:48  Hydralisk  
  71  7:55  Hydralisk x2  
  71  7:58  Overlord x4  
  75  8:23  Hydralisk x2  
  75  8:24  Hydralisk  
  81  8:36  Brood Lord  
  81  8:37  Brood Lord  
  85  8:44  Zerg Flyer Armor Level 1  
  85  9:01  Brood Lord  
  87  9:07  Brood Lord  
  89  9:10  Hydralisk  
  91  9:20  Overseer  
  91  9:23  Overseer  
  91  9:29  Hydralisk  
  93  9:33  Hydralisk  
  95  9:43  Hydralisk  
  95  9:44  Hydralisk  
  99  9:50  Hydralisk x2  
  99  9:51  Hydralisk  
  105  9:56  Hydralisk  
  107  10:40  Zerg Flyer Armor Level 2  
  79  12:16  Hydralisk x3  
  85  12:23  Corruptor x2  
  85  12:24  Corruptor  
Tags
 
Add a new tag
Caveats
  • Supply blocks, unpowered buildings, or Contaminate may cause inaccurate times.
  • Supply counts are checked every 10 seconds.